SA
ALAMEDA AIRMEN @ COLUMBIA RIVER RATS
08/20/2023
 
TOP OF THE 1ST
Alameda Airmen batting - Pitching for Columbia River Rats : RHP Valentín Montenegro
Pitching: RHP Valentín Montenegro
Batting: RHB Mariano Sánchez 0-0: Swinging Strike
0-1: Foul Ball, location: 2F
0-2: Strikes out swinging
Batting: RHB Juan García 0-0: Called Strike
0-1: Fly out, F8 (Flyball, 8RM)
Batting: LHB Chad Graves 0-0: Ball
1-0: Ball
2-0: Called Strike
2-1: SINGLE (Groundball, 4MD)
Batting: SHB Orlando Villa 0-0: Called Strike
0-1: Called Strike
0-2: Ball
1-2: Ball
2-2: Ball
3-2: Foul Ball, location: 2F
3-2: Base on Balls
Chad Graves to second
Batting: SHB Luis Luquín 0-0: Ground out 1-3 (Groundball, 23)
Top of the 1st over - 0 run(s), 1 hit(s), 0 error(s), 2 left on base; Alameda 0 - Columbia 0
BOTTOM OF THE 1ST
Columbia River Rats batting - Pitching for Alameda Airmen : LHP Jesús Franco
Pitching: LHP Jesús Franco
Batting: RHB Baldomero Avino 0-0: SINGLE (Groundball, 56D)
Batting: LHB Víctor Robledo 0-0: Ball
1-0: Fly out, F8 (Flyball, 8RM)
Batting: RHB Lorenzo Rosas 0-0: Called Strike
0-1: Foul Ball, location: 2F
0-2: Ball
1-2: Grounds into double play, 4-6-3 (Groundball, 4)
Bottom of the 1st over - 0 run(s), 1 hit(s), 0 error(s), 0 left on base; Alameda 0 - Columbia 0
TOP OF THE 2ND
Alameda Airmen batting - Pitching for Columbia River Rats : RHP Valentín Montenegro
Batting: RHB José Morín 0-0: Called Strike
0-1: Ball
1-1: Ball
2-1: Called Strike
2-2: Strikes out swinging
Batting: RHB Chad Shafer 0-0: Called Strike
0-1: Foul Ball, location: 2F
0-2: Ball
1-2: Strikes out swinging
Batting: RHB Lenny Roper 0-0: Reached on error, E5 (Groundball, 5)
Batting: RHB Dale Quick 0-0: Ball
1-0: Fly out, F8 (Flyball, 8LM)
Top of the 2nd over - 0 run(s), 0 hit(s), 1 error(s), 1 left on base; Alameda 0 - Columbia 0
BOTTOM OF THE 2ND
Columbia River Rats batting - Pitching for Alameda Airmen : LHP Jesús Franco
Batting: RHB Miguel Delgado 0-0: Called Strike
0-1: Swinging Strike
0-2: Strikes out looking
Batting: LHB Luis Vicenteno 0-0: Ball
1-0: Foul Ball, location: 2F
1-1: Foul Ball, location: 2F
1-2: Foul Ball, location: 2F
1-2: Strikes out swinging
Batting: RHB Miguel Montoya 0-0: Ball
1-0: Ball
2-0: Called Strike
2-1: Foul Ball, location: 2F
2-2: Strikes out swinging
Bottom of the 2nd over - 0 run(s), 0 hit(s), 0 error(s), 0 left on base; Alameda 0 - Columbia 0
TOP OF THE 3RD
Alameda Airmen batting - Pitching for Columbia River Rats : RHP Valentín Montenegro
Batting: RHB Mariano Sánchez 0-0: Fly out, F6 (Popup, 6M)
Batting: RHB Juan García 0-0: Ball
1-0: Ball
2-0: Foul Ball, location: 2F
2-1: Ball
3-1: SINGLE (Line Drive, 56D)
Batting: LHB Chad Graves 0-0: Fielders Choice at 2nd, 3-6 (Groundball, 34)
Batting: SHB Orlando Villa 0-0: Called Strike
0-1: Ball
1-1: DOUBLE (Line Drive, 7LS)
Chad Graves to third
Batting: SHB Luis Luquín 0-0: DOUBLE (Line Drive, 7LM)
Chad Graves scores
Orlando Villa scores
Batting: RHB José Morín 0-0: Ball
1-0: Foul Ball, location: 2F
1-1: Foul Ball, location: 2F
1-2: Foul Ball, location: 2F
1-2: Foul Ball, location: 2F
1-2: Ball
2-2: Ball
3-2: Strikes out swinging
Top of the 3rd over - 2 run(s), 3 hit(s), 0 error(s), 1 left on base; Alameda 2 - Columbia 0
BOTTOM OF THE 3RD
Columbia River Rats batting - Pitching for Alameda Airmen : LHP Jesús Franco
Batting: RHB Bob Miller 0-0: Ball
1-0: Foul Ball, location: 2F
1-1: Ground out 6-3 (Groundball, 6)
Batting: SHB Javier Luna 0-0: Called Strike
0-1: Ball
1-1: Swinging Strike
1-2: Strikes out looking
Batting: LHB Carlos Rodríguez 0-0: Ball
1-0: Called Strike
1-1: Ball
2-1: Ball
3-1: Base on Balls
Batting: RHB Baldomero Avino 0-0: Fly out, F6 (Popup, 4M)
Bottom of the 3rd over - 0 run(s), 0 hit(s), 0 error(s), 1 left on base; Alameda 2 - Columbia 0
TOP OF THE 4TH
Alameda Airmen batting - Pitching for Columbia River Rats : RHP Valentín Montenegro
Batting: RHB Chad Shafer 0-0: Ball
1-0: Called Strike
1-1: Ball
2-1: Fly out, F4 (Popup, 4MD)
Batting: RHB Lenny Roper 0-0: Ball
1-0: Swinging Strike
1-1: Swinging Strike
1-2: Ball
2-2: Foul Ball, location: 2F
2-2: Foul Ball, location: 2F
2-2: Strikes out swinging
Batting: RHB Dale Quick 0-0: Ball
1-0: Called Strike
1-1: Ball
2-1: Ball
3-1: Base on Balls
Batting: RHB Mariano Sánchez 0-0: Ball
1-0: Ball
2-0: Foul Ball, location: 2F
2-1: Fly out, F8 (Flyball, 8LM)
Top of the 4th over - 0 run(s), 0 hit(s), 0 error(s), 1 left on base; Alameda 2 - Columbia 0
BOTTOM OF THE 4TH
Columbia River Rats batting - Pitching for Alameda Airmen : LHP Jesús Franco
Batting: LHB Víctor Robledo 0-0: Ball
1-0: Ball
2-0: Reached on Error, E4 (Popup, 4M)
Batting: RHB Lorenzo Rosas 0-0: Called Strike
0-1: Ground out 2-3 (Groundball, 25)
Víctor Robledo to second
Batting: RHB Miguel Delgado 0-0: Called Strike
0-1: Ball
1-1: Foul Ball, location: 2F
1-2: Foul Ball, location: 2F
1-2: Foul Ball, location: 2F
1-2: Ball
2-2: SINGLE (Flyball, 8RS)
Víctor Robledo to third
Batting: LHB Luis Vicenteno 0-0: Foul Ball, location: 2F
0-1: Ball
1-1: Ball
2-1: Ball
3-1: Fly out, F9 (Flyball, 89M)
Runner from 3rd tags up, SCORES, throw made
Batting: RHB Miguel Montoya 0-0: Ball
1-0: Foul Ball, location: 2F
1-1: Fielders Choice at 2nd, U6 (Groundball, 6M)
Bottom of the 4th over - 1 run(s), 1 hit(s), 1 error(s), 1 left on base; Alameda 2 - Columbia 1
TOP OF THE 5TH
Alameda Airmen batting - Pitching for Columbia River Rats : RHP Valentín Montenegro
Batting: RHB Juan García 0-0: Ball
1-0: Called Strike
1-1: Ground out 5-3 (Groundball, 56)
Batting: LHB Chad Graves 0-0: Called Strike
0-1: Foul Ball, location: 2F
0-2: Ball
1-2: Ball
2-2: Foul Ball, location: 2F
2-2: Ball
3-2: Foul Ball, location: 2F
3-2: Base on Balls
Batting: SHB Orlando Villa 0-0: Ball
1-0: Ball
2-0: Ball
3-0: Called Strike
3-1: Ground out U3 (Groundball, 3S)
Chad Graves to second
Batting: SHB Luis Luquín 0-0: Swinging Strike
0-1: Ball
1-1: Called Strike
1-2: Ball
2-2: Ball
3-2: Strikes out swinging
Top of the 5th over - 0 run(s), 0 hit(s), 0 error(s), 1 left on base; Alameda 2 - Columbia 1
BOTTOM OF THE 5TH
Columbia River Rats batting - Pitching for Alameda Airmen : LHP Jesús Franco
Batting: RHB Bob Miller 0-0: Ball
1-0: Called Strike
1-1: Ground out 4-3 (Groundball, 34)
Batting: SHB Javier Luna 0-0: Ball
1-0: Foul Ball, location: 2F
1-1: Reached on error, E5 (Groundball, 5S)
Batting: LHB Carlos Rodríguez 0-0: Ball
1-0: Fly out, F7 (Flyball, 7M)
Batting: RHB Baldomero Avino 0-0: Ball
1-0: Fly out, F7 (Flyball, 7M)
Bottom of the 5th over - 0 run(s), 0 hit(s), 1 error(s), 1 left on base; Alameda 2 - Columbia 1
TOP OF THE 6TH
Alameda Airmen batting - Pitching for Columbia River Rats : RHP Valentín Montenegro
Batting: RHB José Morín 0-0: Ball
1-0: Ball
2-0: Called Strike
2-1: Fly out, F4 (Popup, 34)
Batting: RHB Chad Shafer 0-0: SINGLE (Groundball, 4MD)
Batting: RHB Lenny Roper 0-0: Ball
1-0: Foul Ball, location: 2F
1-1: SINGLE (Line Drive, 5D)
Chad Shafer to second
Batting: RHB Dale Quick 0-0: Ball
1-0: Foul Ball, location: 2F
1-1: Ball
2-1: Ball
3-1: Base on Balls
Chad Shafer to third
Lenny Roper to second
Pitching: RHP Ipe Talboom
Batting: RHB Mariano Sánchez 0-0: Fly out, F8 (Flyball, 8RS)
Batting: RHB Juan García 0-0: Called Strike
0-1: Swinging Strike
0-2: Strikes out swinging
Top of the 6th over - 0 run(s), 2 hit(s), 0 error(s), 3 left on base; Alameda 2 - Columbia 1
BOTTOM OF THE 6TH
Columbia River Rats batting - Pitching for Alameda Airmen : LHP Jesús Franco
Batting: LHB Víctor Robledo 0-0: Foul Ball, location: 2F
0-1: Ball
1-1: Ball
2-1: Fly out, F9 (Flyball, 9LM)
Batting: RHB Lorenzo Rosas 0-0: Called Strike
0-1: Foul Ball, location: 2F
0-2: Ball
1-2: Ball
2-2: Foul Ball, location: 2F
2-2: Strikes out swinging
Batting: RHB Miguel Delgado 0-0: Called Strike
0-1: Ball
1-1: Swinging Strike
1-2: DOUBLE (Line Drive, 7LM)
Batting: LHB Luis Vicenteno 0-0: Called Strike
0-1: Foul Ball, location: 2F
0-2: Ball
1-2: SINGLE (Line Drive, 4MD)
Miguel Delgado to third
Runner from 3rd tries for Home, SAFE, no throw or cutoff
Batting: RHB Miguel Montoya 0-0: Called Strike
0-1: Ball
1-1: Ball
2-1: Foul Ball, location: 2F
2-2: Foul Ball, location: 2F
2-2: Ball
3-2: Fly out, F7 (Flyball, 78M)
Bottom of the 6th over - 1 run(s), 2 hit(s), 0 error(s), 1 left on base; Alameda 2 - Columbia 2
TOP OF THE 7TH
Alameda Airmen batting - Pitching for Columbia River Rats : RHP Ipe Talboom
Batting: LHB Chad Graves 0-0: Swinging Strike
0-1: Swinging Strike
0-2: Ball
1-2: Foul Ball, location: 2F
1-2: DOUBLE (Line Drive, 7LS)
Batting: SHB Orlando Villa 0-0: Intentional Walk
Pinch Hitting: LHB Jim Unknown 0-0: Ball
1-0: Called Strike
1-1: Ball
2-1: Reached on Error, E9 (Flyball, 9LM)
Chad Graves to third
Orlando Villa to second
Pinch Hitting: RHB Jim Unknown Single, Error in OF, E8, batter to second base
Chad Graves scores
Orlando Villa scores
Jim Unknown to third
Batting: RHB Chad Shafer 0-0: Intentional Walk
Pinch Hitting: RHB Nelson Flores 0-0: Called Strike
0-1: Foul Ball, location: 2F
0-2: Fly out, F8 (Flyball, 8RM)
Runner from 3rd tags up, SCORES, no throw
Pitching: LHP Augusto Pérez
Batting: RHB Dale Quick 0-0: Called Strike
0-1: Ball
1-1: 3-RUN HOME RUN (Flyball, 7LD), Distance : 363 ft
Batting: RHB Mariano Sánchez 0-0: Ball
1-0: Foul Ball, location: 2F
1-1: SINGLE (Line Drive, 6M)
Batting: RHB Juan García 0-0: Ball
1-0: Ball
2-0: Called Strike
2-1: Foul Ball, location: 2F
2-2: Ball
Wild Pitch!
Mariano Sánchez to second
3-2: SINGLE (Groundball, 56)
Mariano Sánchez to third
Runner from 3rd tries for Home, SAFE, no throw or cutoff
Batting: LHB Chad Graves 0-0: Foul Ball, location: 2F
0-1: Ball
1-1: Ball
2-1: Ball
3-1: Base on Balls
Juan García to second
Batting: SHB Orlando Villa 0-0: Grounds into double play, U6-3 (Groundball, 6)
Top of the 7th over - 7 run(s), 5 hit(s), 2 error(s), 1 left on base; Alameda 9 - Columbia 2
BOTTOM OF THE 7TH
Columbia River Rats batting - Pitching for Alameda Airmen : LHP Jesús Franco
Now at 1B: Jim Unknown
Now at 3B: Jim Unknown
Now at SS: Nelson Flores
Batting: RHB Bob Miller 0-0: Ball
1-0: Called Strike
1-1: Ball
2-1: Ground out 6-3 (Groundball, 6)
Batting: SHB Javier Luna 0-0: Called Strike
0-1: SINGLE (Line Drive, 4)
Batting: LHB Carlos Rodríguez 0-0: Swinging Strike
0-1: Ball
1-1: Fly out, F7 (Flyball, 7S)
Batting: RHB Baldomero Avino 0-0: Ball
1-0: Ground out 5-3 (Groundball, 56S)
Bottom of the 7th over - 0 run(s), 1 hit(s), 0 error(s), 1 left on base; Alameda 9 - Columbia 2
TOP OF THE 8TH
Alameda Airmen batting - Pitching for Columbia River Rats : LHP Augusto Pérez
Batting: LHB Jim Unknown 0-0: Ball
1-0: Ball
2-0: Ball
3-0: Called Strike
3-1: Base on Balls
Batting: RHB Jim Unknown 0-0: DOUBLE (Line Drive, 7LM)
Jim Unknown to third
Batting: RHB Chad Shafer 0-0: Fly out, F8 (Flyball, 8RM)
Runner from 3rd tags up, SCORES, no throw
Batting: RHB Nelson Flores 0-0: Ball
1-0: SINGLE (Groundball, 4MD)
Jim Unknown to third
Runner from 3rd tries for Home, SAFE, throw made home
Pitching: RHP Lorenzo Méndez
Batting: RHB Dale Quick 0-0: Fly out, F9 (Flyball, 89S)
Batting: RHB Mariano Sánchez 0-0: Swinging Strike
0-1: Ball
1-1: Called Strike
1-2: Strikes out swinging
Top of the 8th over - 2 run(s), 2 hit(s), 0 error(s), 1 left on base; Alameda 11 - Columbia 2
BOTTOM OF THE 8TH
Columbia River Rats batting - Pitching for Alameda Airmen : LHP Jesús Franco
Batting: LHB Víctor Robledo 0-0: Called Strike
0-1: SINGLE (Groundball, 4MD)
Pitching: LHP Cristo Perales
Batting: RHB Lorenzo Rosas 0-0: Ball
1-0: SINGLE (Groundball, 56)
Víctor Robledo to second
Pinch Hitting: RHB Juan Jose Ayala 0-0: Ball
1-0: Called Strike
1-1: Called Strike
1-2: Fielders Choice at 2nd, 1-4 (Groundball, 13)
Víctor Robledo to third
Batting: LHB Luis Vicenteno 0-0: Ball
1-0: Fielders Choice at 2nd, 1-4 (Groundball, 15S)
Batting: RHB Miguel Montoya 0-0: Ball
1-0: Foul Ball, location: 2F
1-1: Foul Ball, location: 2F
1-2: Ball
2-2: Ground out 6-3 (Groundball, 6)
Bottom of the 8th over - 0 run(s), 2 hit(s), 0 error(s), 2 left on base; Alameda 11 - Columbia 2
TOP OF THE 9TH
Alameda Airmen batting - Pitching for Columbia River Rats : RHP Lorenzo Méndez
Now at SS: Juan Jose Ayala
Batting: RHB Juan García 0-0: Fly out, F7 (Flyball, 78M)
Batting: LHB Chad Graves 0-0: Ball
1-0: Ball
2-0: Ball
3-0: Called Strike
3-1: Swinging Strike
3-2: Foul Ball, location: 2F
3-2: Foul Ball, location: 2F
3-2: Ground out U3 (Groundball, 3)
Pinch Hitting: RHB Gustavo Meza 0-0: Ball
1-0: SINGLE (Line Drive, 89S)
Batting: LHB Jim Unknown 0-0: Ball
1-0: Called Strike
1-1: Ball
2-1: Ball
3-1: Called Strike
3-2: Foul Ball, location: 2F
3-2: Base on Balls
Gustavo Meza to second
Batting: RHB Jim Unknown 0-0: Ball
1-0: Swinging Strike
1-1: Ball
2-1: Ball
3-1: SINGLE (Flyball, 78S)
Gustavo Meza to third
Jim Unknown to second
Runner from 3rd tries for Home, SAFE, no throw or cutoff
Batting: RHB Chad Shafer 0-0: Swinging Strike
0-1: Ball
1-1: Fly out, F1 (Line Drive, 15)
Top of the 9th over - 1 run(s), 2 hit(s), 0 error(s), 2 left on base; Alameda 12 - Columbia 2
BOTTOM OF THE 9TH
Columbia River Rats batting - Pitching for Alameda Airmen : LHP Cristo Perales
Now in LF: Gustavo Meza
Batting: RHB Bob Miller 0-0: Called Strike
0-1: Ball
1-1: Foul Ball, location: 2F
1-2: Foul Ball, location: 2F
1-2: Ball
2-2: Ball
3-2: Base on Balls
Batting: SHB Javier Luna 0-0: Fly out, F9 (Flyball, 9S)
Batting: LHB Carlos Rodríguez 0-0: Called Strike
0-1: Foul Ball, location: 2F
0-2: Ball
1-2: Strikes out swinging
Batting: RHB Baldomero Avino 0-0: Fly out, F7 (Flyball, 78D)
Bottom of the 9th over - 0 run(s), 0 hit(s), 0 error(s), 1 left on base; Alameda 12 - Columbia 2
This league is powered by Out of the Park Baseball, the baseball management simulation game for PC, Mac and Linux
Friday, July 8th, 2016 - OOTP Baseball 16.9 Build 39